 Dungeon Crawl Stone Soup version 0.30-a0-553-g7fabdf1491 (webtiles) character file.

Game seed: 13281537993837357387

22971 arthad the Geomancer (level 13, 0/63 HPs)
             Began as a Gargoyle Earth Elementalist on Dec 26, 2022.
             Was the Champion of Makhleb.
             Slain by an entropy weaver (shapeshifter) (9 damage)
             ... on level 13 of the Dungeon.
             The game lasted 00:55:05 (14427 turns).

arthad the Geomancer (Gargoyle Earth Elementalist) Turns: 14427, Time: 00:55:06

Health: 0/63       AC: 23    Str: 13    XL:     13   Next: 3%
Magic:  24/24      EV: 16    Int: 20    God:    Makhleb [******]
Gold:   601        SH:  5    Dex: 10    Spells: 16/27 levels left

rFire   . . .      SeeInvis +    W - staff of earth
rCold   . . .      Faith    .    E - +0 buckler
rNeg    + . .      Spirit   .    j - +0 acid dragon scales
rPois   ∞          Reflect  .    k - +2 helmet
rElec   +          Harm     .    J - +1 cloak {rCorr}
rCorr   +          Rampage  .    N - +0 pair of gloves
Will    .....                    (no boots)
Stlth   ++++                     H - amulet of magic regeneration
HPRegen 0.30/turn                a - ring of see invisible
MPRegen 0.59/turn                L - +4 ring of evasion

@: no status effects
A: sickness immunity, AC +9, negative energy resistance 1, electricity
resistance, torment resistance 1, petrification resistance
a: Renounce Religion, Minor Destruction, Lesser Servant of Makhleb, Major
Destruction, Greater Servant of Makhleb


You were on level 13 of the Dungeon.
You worshipped Makhleb.
Makhleb was exalted by your worship.
You visited 1 branch of the dungeon, and saw 13 of its levels.
You also visited: Sewer and Ossuary.

You collected 881 gold pieces.
You spent 280 gold pieces at shops.

Inventory:

Hand Weapons
 I - a +2 scimitar of flaming
 Y - a +0 rapier of venom
Missiles
 C - 7 curare-tipped darts
 P - 63 poisoned darts
Armour
 j - +0 acid dragon scales (worn)
 k - a +2 helmet (worn)
 E - a +0 buckler (worn)
 J - a +1 cloak of preservation (worn)
 N - a +0 pair of gloves (worn)
Magical Staves
 d - a staff of poison
 i - a staff of air
 y - a staff of conjuration
 W - a staff of earth (weapon)
Jewellery
 a - a ring of see invisible (left hand)
 t - the necklace of Bloodlust {*Rage Will++ Int-3 Slay+6}
   (You found it on level 2 of the Dungeon)

   [amulet of nothing]

   It extends the wearer's berserk rage when killing foes.
   Int:       It affects your intelligence (-3).
   Slay:      It affects your accuracy & damage with ranged weapons and melee
   (+6).
   *Rage:     It berserks you when you make melee attacks (+50% chance).
   Will:      It greatly increases your willpower.
 F - a ring of protection from fire
 H - an amulet of magic regeneration (around neck)
 L - a +4 ring of evasion (right hand)
 S - a +4 ring of evasion
Wands
 s - a wand of acid (1)
 A - a wand of flame (10)
 M - a wand of digging (8)
 T - a wand of polymorph (9)
 V - a wand of mindburst (5)
 Z - a wand of paralysis (10)
Scrolls
 h - 6 scrolls of teleportation
 l - a scroll of blinking
 o - a scroll of enchant armour
 q - 2 scrolls of enchant weapon
 r - 2 scrolls of magic mapping
 u - a scroll of fear
 x - 3 scrolls of vulnerability
 B - 2 scrolls of amnesia
 G - 5 scrolls of poison
 K - 2 scrolls of immolation
 U - a scroll of fog
Potions
 b - 4 potions of magic
 e - 2 potions of might
 f - 2 potions of heal wounds
 g - 4 potions of attraction
 m - 3 potions of haste
 n - 3 potions of cancellation
 p - 3 potions of resistance
 v - 4 potions of mutation
 w - 4 potions of brilliance
 z - 5 potions of invisibility
 D - 7 potions of curing
 O - 2 potions of ambrosia
 Q - a potion of flight
 R - 4 potions of lignification
Miscellaneous
 c - a box of beasts
 X - a tin of tremorstones (2/2)


   Skills:
 + Level 5.9 Armour
 + Level 5.0 Dodging
 * Level 9.8 Stealth
 + Level 5.6 Shields
 * Level 7.6 Spellcasting
 * Level 8.5 Conjurations
 + Level 4.8 Transmutations
 + Level 2.2 Air Magic
 * Level 10.5 Earth Magic
 + Level 2.8 Poison Magic
 * Level 8.4 Invocations
 + Level 2.2 Evocations


You had 16 spell levels left.
You knew the following spells:

 Your Spells              Type           Power      Damage    Failure   Level
a - Sandblast             Erth           100%       2d20      1%          1
b - Stone Arrow           Conj/Erth      100%       3d13      1%          3
c - Petrify               Tmut/Erth      55%        N/A       7%          4
d - Mephitic Cloud        Conj/Pois/Air  25%        N/A       8%          3

Your spell library contained the following spells:

 Spells                   Type           Power      Damage    Failure   Level
 Magic Dart               Conj           100%       1d8       1%          1
 Passwall                 Tmut/Erth      45%        N/A       1%          2
 Kiss of Death            Conj/Necr      96%        2d12      2%          1
 Apportation              Tloc           14%        N/A       16%         1
 Swiftness                Air            16%        N/A       19%         3
 Call Imp                 Summ           7%         N/A       24%         2
 Ensorcelled Hibernation  Hex/Ice        14%        N/A       24%         2
 Irradiate                Conj/Tmut      17%        3d17      28%         5
 Confusing Touch          Hex            7%         N/A       43%         3
 Frozen Ramparts          Ice            14%        1d3       43%         3
 Tukima's Dance           Hex            7%         N/A       43%         3
 Ice Form                 Ice/Tmut       17%        N/A       50%         4
 Blade Hands              Tmut           13%        N/A       52%         5
 Alistair's Intoxication  Tmut/Pois      15%        N/A       65%         5
 Dispel Undead            Necr           7%         3d8       85%         4
 Passage of Golubria      Tloc           7%         N/A       85%         4
 Summon Ice Beast         Ice/Summ       7%         N/A       85%         4
 Yara's Violent Unravell  Hex/Tmut       8%         3d5       85%         5
 Dragon Form              Tmut           13%        N/A       100%        7


Dungeon Overview and Level Annotations

Branches:
Dungeon (13/15)            Temple (0/1) D:6            Lair (0/5) D:11
    Orc (0/2) D:10          Sewer (visited)         Ossuary (visited)
 Vaults: D:13-14

Altars:
Ashenzari
Fedhas
Kikubaaqudgha
Makhleb
Okawaru
Qazlal
Trog
Wu Jian
Xom
Zin

Shops:
D:1 **=   D:3 :   D:7 **?[:   D:11 *


Innate Abilities, Weirdness & Mutations

You are immune to sickness and miasma.
Your stone body is resilient. (AC +9)
You are immune to poison.
You resist negative energy. (rN+)
You are resistant to electric shocks. (rElec)
You are resistant to unholy torment.
You are immune to petrification.


Message History

Confirm with . or Enter, or press ? or * to list all spells.
Aiming: Mephitic Cloud (dangerous; 8% risk of failure)
Press: ? - help, Shift-Dir - straight line, f/p - centaur warrior
Aim: a centaur warrior, wielding a +0 shortbow (moderately wounded, chance to affect: 53%)
The ball explodes into a vile cloud!
The stinking cloud engulfs the centaur warrior but does no damage.
The centaur warrior is moderately wounded.
The stinking cloud engulfs the wraith but does no damage.
The stinking cloud engulfs the centaur but does no damage.
You hear a shout! x3; You hear an angry buzzing noise.
You hear a shout!
The centaur warrior is engulfed in noxious fumes.
The centaur warrior shoots an arrow.
The arrow completely misses you.
The centaur warrior is engulfed in noxious fumes.
The centaur warrior shoots an arrow.
The arrow hits you.
* * * LOW HITPOINT WARNING * * *
A tengu warrior comes into view. It is wielding a +0 war axe.
Unknown command.
Unknown command.
Unknown command.
As you read the scroll of teleportation, it crumbles to dust.
You feel strangely unstable.
The centaur warrior is engulfed in noxious fumes.
The centaur warrior shoots an arrow.
The arrow barely misses you.
A tengu warrior comes into view.
It is wielding a +0 great sword and quivering poisoned darts.
The centaur warrior is engulfed in noxious fumes.
The centaur warrior shoots an arrow.
The arrow closely misses you.
The centaur warrior is engulfed in noxious fumes.
The centaur warrior appears confused.
The centaur wields a +0 shortbow.
The centaur shoots an arrow.
The arrow hits you but does no damage.
Your surroundings suddenly seem different.
An entropy weaver, a two-headed ogre, a centaur warrior and a troll come into view.
Found a dagger.
Found a stone staircase leading down and a stone staircase leading up.
Found a stone staircase leading up.
There is a stone staircase leading down here.
The entropy weaver shouts!
The centaur warrior shouts!
The entropy weaver hits you!
* * * LOW HITPOINT WARNING * * *
You block the entropy weaver's attack. The entropy weaver hits you!
You die...

##### ## # ....
.## #.##..##..##
###T#........###
................
#...>......#
##.@B.....##
#...O....#
#.......c..#
..........)..#
<..#........##
#.####..##..##
#< #... #.# .
#.#. .#


You could see an entropy weaver, a centaur warrior, a two-headed ogre and a
troll.

Vanquished Creatures
  Kirke (D:11)
  Josephine (D:12)
  Harold (D:9)
  A hydra (D:13)
  Erolcha (D:9)
  Erica (D:9)
  A boulder beetle (D:12)
  A two-headed ogre (D:8)
  Urug (D:12)
  Sonja (D:10)
  2 oklob plants (D:11)
  A cyclops (D:12)
  Maurice (D:10)
  Joseph (D:7)
  A gargoyle (D:13)
  Psyche (D:12)
  4 kobold demonologists
  6 trolls
  Grinder (D:3)
  2 slime creatures (D:7)
  2 shadows
  4 wraiths (D:12)
  A vampire (D:11)
  12 yaks
  A wyvern (D:10)
  A hog (D:12)
  2 steam dragons
  A basilisk (D:13)
  17 vampire mosquitoes
  5 acid dragons
  2 water moccasins
  3 orc warriors
  3 ice beasts
  4 sky beasts
  A black bear (D:7)
  Duvessa (D:7)
  2 ogres
  8 centaurs
  2 phantoms
  3 bullfrogs
  11 kobold brigands
  4 necrophages (D:4)
  A gnoll sergeant (D:11)
  3 scorpions
  3 wights (D:4)
  Dowan (D:7)
  A human zombie (D:4)
  3 jellies (D:5)
  11 orc priests
  3 iguanas
  A scorpion zombie (D:4)
  Crazy Yiuf (D:4)
  2 gnoll boudas
  8 orc wizards
  2 hound zombies (D:4)
  13 mummies (Ossuary)
  Robin (D:3)
  12 gnolls
  9 adders
  2 white imps (D:6)
  An ufetubus (D:6)
  An adder zombie (D:4)
  3 worms
  2 dart slugs
  56 orcs
  3 bats
  5 endoplasms
  5 giant cockroaches
  16 goblins
  6 hobgoblins
  54 kobolds
  6 quokkas
  9 ball pythons
  8 frilled lizards
  4 gnoll skeletons (Ossuary)
  A gnoll zombie (D:7)
  2 goblin skeletons (Ossuary)
  A goblin zombie (D:7)
  2 kobold skeletons (Ossuary)
  14 rats
  11 rat skeletons (Ossuary)
407 creatures vanquished.

Vanquished Creatures (collateral kills)
  A wyvern (D:10)
1 creature vanquished.

Vanquished Creatures (others)
  A yak (D:8)
  4 humans (D:12)
  A water moccasin (D:9)
  An orc warrior (D:8)
  2 orc wizards
  An orc (D:8)
  A kobold (D:9)
  49 plants (D:9)
60 creatures vanquished.

Grand Total: 468 creatures vanquished

Notes
Turn   | Place    | Note
-------+----------+-------------------------------------------
     0 | D:1      | arthad the Gargoyle Earth Elementalist began the quest for
                  | the Orb.
     0 | D:1      | Reached XP level 1. HP: 10/10 MP: 3/3
   153 | D:1      | Reached XP level 2. HP: 15/15 MP: 1/5
   430 | D:1      | Found Feci's General Store.
   435 | D:1      | Bought a scroll of teleportation for 30 gold pieces
   545 | D:1      | Reached skill level 4 in Earth Magic
   672 | D:1      | Found Syimnap's Jewellery Shop.
   783 | D:1      | Found Meitel Duhi's Assorted Antiques.
   790 | D:1      | Reached XP level 3. HP: 19/19 MP: 4/6
   794 | D:1      | Learned a level 3 spell: Stone Arrow
   796 | D:1      | Reached skill level 1 in Transmutations
   811 | D:1      | Bought a scroll labelled GAWKET RYNTATI for 16 gold pieces
  1783 | D:2      | Found the necklace of Bloodlust {*Rage Will++ Int-3 Slay+6}
  2333 | D:1      | Bought a scroll labelled AHAPHU QEACUSY for 16 gold pieces
  2333 | D:1      | Bought a scroll labelled AHAPHU QEACUSY for 16 gold pieces
  2333 | D:1      | Bought a scroll labelled IXTABR MOEBINU for 16 gold pieces
  2363 | D:3      | Reached XP level 4. HP: 24/24 MP: 3/7
  2387 | D:3      | Found a glowing drain.
  2461 | Sewer    | Entered a sewer
  2935 | D:3      | Found Upixzuib's Vocational Training.
  3019 | D:3      | Found a broken altar of Ashenzari.
  3084 | D:3      | Noticed Robin
  3100 | D:3      | Killed Robin
  3101 | D:3      | Reached XP level 5. HP: 16/28 MP: 5/9
  3206 | D:3      | Found a faded altar of an unknown god.
  3216 | D:3      | Prayed at the altar of an unknown god.
  3216 | D:3      | Became a worshipper of Makhleb the Destroyer
  3216 | D:3      | Reached * piety under Makhleb
  3373 | D:3      | Noticed Grinder
  3377 | D:3      | Paralysed by Grinder for 3 turns
  3386 | D:3      | Killed Grinder
  3387 | D:3      | Reached skill level 1 in Armour
  3387 | D:3      | Reached skill level 1 in Conjurations
  3387 | D:3      | Reached skill level 5 in Earth Magic
  3387 | D:3      | Reached skill level 1 in Invocations
  3387 | D:3      | Reached XP level 6. HP: 17/32 MP: 0/10
  3694 | D:4      | Found a runed translucent door.
  3695 | D:4      | Noticed Crazy Yiuf
  3740 | D:4      | Found a blossoming altar of Fedhas.
  3950 | D:4      | Reached XP level 7. HP: 12/36 MP: 6/11
  4396 | D:4      | Found an ancient bone altar of Kikubaaqudgha.
  4519 | D:4      | Reached skill level 1 in Shields
  4641 | D:4      | Reached XP level 8. HP: 41/41 MP: 9/13
  4871 | D:4      | Killed Crazy Yiuf
  4946 | D:5      | Entered Level 5 of the Dungeon
  4960 | D:5      | Reached skill level 6 in Earth Magic
  4965 | D:4      | Reached skill level 5 in Stealth
  5013 | D:5      | Reached ** piety under Makhleb
  5886 | D:6      | Found a staircase to the Ecumenical Temple.
  5938 | D:6      | Reached XP level 9. HP: 45/45 MP: 9/15
  6576 | D:7      | Found Zewurr's Magic Scroll Shop.
  6576 | D:7      | Noticed Joseph
  6585 | D:7      | Killed Joseph
  6585 | D:7      | Reached *** piety under Makhleb
  6590 | D:7      | Found a sand-covered staircase.
  6596 | Ossuary  | Entered an ossuary
  6759 | Ossuary  | Reached skill level 7 in Earth Magic
  7162 | D:7      | Found Pugur's Assorted Antiques.
  7179 | D:7      | Bought a shiny opal ring for 160 gold pieces
  7292 | D:7      | Found a stormy altar of Qazlal.
  7325 | D:7      | Found a glowing silver altar of Zin.
  7395 | D:7      | Found Oxiv's Antique Armour Shoppe.
  7478 | D:7      | Reached **** piety under Makhleb
  7480 | D:7      | Noticed a troll
  7482 | D:7      | Noticed Dowan
  7483 | D:7      | Noticed a troll
  7488 | D:7      | Killed a troll
  7489 | D:7      | Reached skill level 5 in Spellcasting
  7489 | D:7      | Reached skill level 5 in Conjurations
  7489 | D:7      | Reached skill level 5 in Invocations
  7489 | D:7      | Killed Dowan
  7491 | D:7      | Killed a troll
  7494 | D:7      | Reached XP level 10. HP: 35/50 MP: 3/17
  7807 | D:7      | Found Uxtig's Book Shop.
  7812 | D:7      | Noticed Duvessa
  7825 | D:7      | Killed Duvessa
  8095 | D:7      | Found Dyn Goikh's Assorted Antiques.
  8098 | D:7      | Bought a scroll labelled BUETEXU QOADUDGH for 26 gold
                  | pieces
  8224 | D:7      | Reached skill level 8 in Earth Magic
  8616 | D:8      | Noticed a two-headed ogre
  8622 | D:8      | Killed a two-headed ogre
  8785 | D:7      | Reached XP level 11. HP: 46/54 MP: 20/20
  8818 | D:8      | Found a shimmering altar of Xom.
  9404 | D:9      | Noticed Erolcha
  9444 | D:9      | Killed Erolcha
  9508 | D:9      | Learned a level 4 spell: Petrify
  9512 | D:9      | Learned a level 3 spell: Mephitic Cloud
  9592 | D:9      | Reached ***** piety under Makhleb
  9593 | D:9      | Reached skill level 9 in Earth Magic
  9661 | D:9      | Found an ornate altar of the Wu Jian Council.
  9662 | D:9      | Noticed Erica
  9678 | D:9      | Killed Erica
  9703 | D:9      | Noticed Harold
  9720 | D:9      | Killed Harold
 10245 | D:9      | Found an iron altar of Okawaru.
 10539 | D:9      | Noticed a moth of wrath
 10542 | D:9      | Found a bloodstained altar of Trog.
 10652 | D:10     | Entered Level 10 of the Dungeon
 10656 | D:10     | Reached skill level 1 in Poison Magic
 10660 | D:10     | Reached skill level 5 in Armour
 10674 | D:10     | Identified a scroll of acquirement
 10675 | D:10     | Acquired a staff of earth
 10795 | D:10     | Found a staircase to the Orcish Mines.
 11045 | D:10     | Noticed Maurice
 11052 | D:10     | Killed Maurice
 11134 | D:10     | Noticed Sonja
 11139 | D:10     | Killed Sonja
 11140 | D:10     | Reached skill level 1 in Air Magic
 11140 | D:10     | Reached skill level 1 in Evocations
 11777 | D:11     | Reached XP level 12. HP: 59/59 MP: 22/22
 12027 | D:11     | Found Ufiag's Neck Hole.
 12119 | D:11     | Found a staircase to the Lair.
 12127 | D:11     | Reached skill level 5 in Shields
 12662 | D:12     | Noticed Urug
 12670 | D:12     | Noticed Psyche
 12674 | D:12     | Killed Urug
 12678 | D:12     | Killed Psyche
 12834 | D:12     | Noticed Kirke
 12934 | D:11     | Killed Kirke
 12935 | D:11     | Reached skill level 10 in Earth Magic
 13086 | D:12     | Noticed Josephine
 13095 | D:12     | Killed Josephine
 13095 | D:12     | Noticed a boulder beetle
 13940 | D:12     | Killed a boulder beetle
 13940 | D:12     | Reached ****** piety under Makhleb
 14305 | D:13     | Reached skill level 5 in Dodging
 14384 | D:13     | Noticed a seven-headed hydra
 14390 | D:13     | Killed a seven-headed hydra
 14391 | D:13     | Reached XP level 13. HP: 63/63 MP: 22/24
 14425 | D:13     | Noticed an entropy weaver
 14427 | D:13     | Slain by an entropy weaver (shapeshifter)

Illustrated notes

Levels and vault maps discovered:
D:1:      amcnicky_arrival_flooded_fountain, layout_basic, serial_shops, shop,
          shop, nicolae_lakefront_shop
D:2:      layout_basic, grunt_ministairs_9, hangedman_decor_growths,
          minmay_misc_feat_more_columns, minmay_fountain_box
D:3:      layout_rooms, ashenzari_conservatory_becter, gup_sewer_entry_pipe,
          shapermc_ecumenical_altar_pompeii, nicolae_shop_vocational,
          uniq_robin, uniq_grinder
D:4:      layout_basic, lemuel_mausoleum_altar_kikubaaqudgha,
          old_standard_altar, eino_small_chamber_without_monster,
          uniq_crazy_yiuf_cottage
D:5:      layout_cave_pools, nrook_pool_corridor
D:6:      layout_basic, minmay_temple_entry_gardened_gates, grunt_ministairs_4
D:7:      minmay_blocky_corners, layout_basic, lemuel_crystal_altar,
          kennysheep_mini_moat, enter_ossuary_3, serial_shops, kennysheep_mini,
          nicolae_shop_hallway_stairs, shop, shop_fountains,
          nicolae_shop_window_shopping, nicolae_benzene_ring, uniq_joseph,
          uniq_duvessa
D:8:      layout_layer_cave, xom_confusion_cloud
D:9:      kennysheep_kobold_camp, layout_basic, nicolae_wu_jian_wuxing_cycle,
          okawaru_trees_1, tgw_trog, special_room [special_room_kobold],
          uniq_erica, uniq_harold, uniq_erolcha
D:10:     layout_loops_ring, hiddenorc2_lemuel, uniq_sonja, uniq_maurice
D:11:     layout_loops_ring, dpeg_oklobed_lair,
          nicolae_shop_sticking_my_neck_out
D:12:     layout_layer_cave, drop_trap, uniq_kirke, uniq_psyche, uniq_urug,
          uniq_josephine
D:13:     layout_basic, st_stairs_5, kennysheep_generic_room_9

Skill      XL: |  1  2  3  4  5  6  7  8  9 10 11 12 |
---------------+-------------------------------------+-----
Earth Magic    | 4 5 6 7 8 9 10 | 10.5
Transmutations | 1 2 3 4 |  4.8
Stealth        | 3 4 5 6 7 8 9 |  9.8
Dodging        | 2 3 4 5 |  5.0
Armour         | 1 2 3 4 5 |  5.9
Spellcasting   | 3 4 5 6 7 |  7.6
Conjurations   | 1 2 3 4 5 6 7 8 |  8.5
Invocations    | 1 2 3 5 6 7 8 |  8.4
Shields        | 1 2 3 4 5 |  5.6
Poison Magic   | 1 2 |  2.8
Air Magic      | 1 2 |  2.2
Evocations     | 1 2 |  2.2

Action                   |  1- 3 |  4- 6 |  7- 9 | 10-12 | 13-15 || total
-------------------------+-------+-------+-------+-------+-------++-------
Melee: Staff             |       |     7 |     1 |    12 |       ||    20
       Unarmed           |       |       |       |     4 |       ||     4
Throw: Dart              |       |       |       |    13 |       ||    13
 Cast: Sandblast         |    56 |    91 |   237 |   547 |     8 ||   939
       Stone Arrow       |       |       |     1 |     7 |       ||     8
       Mephitic Cloud    |       |       |       |     1 |     1 ||     2
       Petrify           |       |       |       |     1 |       ||     1
Invok: Major Destruction |       |       |       |     1 |       ||     1
Evoke: Wand              |       |     3 |     5 |     1 |       ||     9
  Use: Potion            |       |     6 |       |     4 |       ||    10
       Scroll            |       |       |     5 |    22 |     2 ||    29
Armor: Robe              |     4 |    33 |    41 |    13 |       ||    91
       Troll leather arm |       |       |       |    17 |       ||    17
       Acid dragon scale |       |       |       |   164 |     4 ||   168
Dodge: Dodged            |     5 |    36 |    80 |   333 |     8 ||   462
Block: Buckler           |       |     2 |    18 |   104 |     2 ||   126

Table legend: (Time is in decaauts)
 A = Elapsed time spent in this place.
 B = Non-inter-level travel time spent in this place.
 C = Inter-level travel time spent in this place.
 D = Time resting spent in this place.
 E = Time spent auto-exploring this place.
 F = Levels seen in this place.
 G = Mean time per level.
                   A        B        C        D        E       F      G
               +--------+--------+--------+--------+--------+-----+--------+
         Total |  14969 |  14499 |    470 |   1059 |  10420 |  15 |  997.9 |
       Dungeon |  13935 |  13465 |    470 |   1059 |   9604 |  13 | 1071.9 |
         Sewer |    454 |    454 |      0 |      0 |    345 |   1 |  454.0 |
       Ossuary |    579 |    579 |      0 |      0 |    470 |   1 |  579.0 |
               +--------+--------+--------+--------+--------+-----+--------+

Top non-repeatable levels by time:
    D:12: 1681 daAuts
     D:7: 1566 daAuts
     D:4: 1504 daAuts
     D:9: 1466 daAuts
     D:1: 1274 daAuts
     D:2: 1110 daAuts
    D:11: 1048 daAuts
    D:10: 1011 daAuts
     D:6: 904 daAuts
     D:3: 779 daAuts
     D:5: 694 daAuts
     D:8: 679 daAuts
 Ossuary: 579 daAuts
   Sewer: 454 daAuts
    D:13: 215 daAuts
